 Dungeon Crawl Stone Soup version 0.25-a0-659-gdb1d69e (webtiles) character file.

Game seed: 17726849047758347535, levelgen mode: deterministic

2557 tatocazan the Cleaver (level 9, -2/78 HPs)
             Began as a Hill Orc Fighter on Mar 22, 2020.
             Was an Initiate of Nemelex Xobeh.
             Slain by a hellwing (4 damage)
             ... on level 6 of the Dungeon.
             The game lasted 00:10:00 (8586 turns).

tatocazan the Cleaver (Hill Orc Fighter)            Turns: 8586, Time: 00:10:01

Health: -2/78      AC: 14    Str: 22    XL:     9   Next: 56%
Magic:  12/12      EV:  6    Int:  8    God:    Nemelex Xobeh [......]
Gold:   259        SH: 10    Dex: 10    Spells: 8/8 levels left

rFire    + . .     SeeInvis .   A - +4 hand axe
rCold    . . .     Gourm    .   c - +0 kite shield
rNeg     . . .     Faith    .   s - +0 plate armour
rPois    .         Spirit   .   (no helmet)
rElec    .         Reflect  .   (no cloak)
rCorr    .         Harm     .   (no gloves)
MR       .....                  (no boots)
Stlth    ..........             (no amulet)
HPRegen  0.23/turn              g - ring of wizardry
MPRegen  0.13/turn              (no ring)

@: very slightly contaminated
A: slimy green scales 1, fire resistance 1, sense surroundings 1
a: Draw Escape, Draw Destruction, Draw Summoning, Renounce Religion


You were on level 6 of the Dungeon.
You worshipped Nemelex Xobeh.
Nemelex Xobeh was noncommittal.
You were not hungry.

You visited 2 branches of the dungeon, and saw 8 of its levels.

You collected 259 gold pieces.

Inventory:

Hand Weapons
 a - a +0 war axe
 A - a +4 hand axe (weapon)
Missiles
 p - 7 boomerangs (quivered)
Armour
 c - a +0 kite shield (worn)
 n - a +0 scale mail
 s - a +0 plate armour (worn)
Jewellery
 g - a ring of wizardry (left hand)
Wands
 d - a wand of iceblast (7)
 r - a wand of digging (2)
 w - a wand of flame (11)
Scrolls
 h - 4 scrolls of remove curse
 i - 3 scrolls of identify
 j - 2 scrolls of fog
 l - a scroll of blinking {unknown}
 q - a scroll of amnesia {unknown}
 t - a scroll of fear {unknown}
 u - a scroll of noise {unknown}
 v - a scroll of random uselessness
 y - 2 scrolls of enchant armour {unknown}
Potions
 b - a potion of might
 e - a potion of degeneration
 x - 2 potions of flight
Comestibles
 f - 6 rations


   Skills:
 + Level 6.9 Fighting
 * Level 9.6 Axes
 + Level 6.4 Armour
 + Level 3.8 Dodging
 + Level 6.2 Shields
 * Level 4.5 Invocations


You had 8 spell levels left.
You didn't know any spells.
Your spell library was empty.

Dungeon Overview and Level Annotations

Branches:
Dungeon (7/15)             Temple (1/1) D:6

Altars:
Ashenzari
Cheibriados
Dithmenos
Elyvilon
Fedhas
Gozag
Kikubaaqudgha
Makhleb
Nemelex Xobeh
Okawaru
Trog
Vehumet
Wu Jian
Xom
Yredelemnul
The Shining One

Shops:
D:5 *   D:6 (


Innate Abilities, Weirdness & Mutations

You are partially covered in slimy green scales. (AC +2)
Your flesh is heat resistant. (rF+)
You passively map a small area around you.


Message History

The hellwing barely misses you. The hellwing hits you.
* * * LOW HITPOINT WARNING * * *
The hellwing hits you but does no damage.
You take 2 damage, and have 1/78 hp.
You hit the hellwing.
The hellwing is severely wounded.
You hit the hellwing but do no damage.
The hellwing hits you but does no damage.
You block the hellwing's attack.
You hit the hellwing but do no damage.
The hellwing is severely wounded.
You hit the hellwing but do no damage.
The hellwing hits you but does no damage.
You block the hellwing's attack. x2
The hellwing hits you but does no damage.
You hit the hellwing but do no damage.
The hellwing is severely wounded.
You closely miss the hellwing. The hellwing hits you.
You die...
Your body disappears without a glow.

.♣.#.## #.# #<# #.######...#
......# #.# #.# #.# #...#
.♣.♣..# #.# #.# #.# #...###
_.....# #.# #.#
#.######...... .♣.♣..#
#.###.# #..........###
......# #.....# ########.###
.♣.#..# ####### #.#
......#####################.#
####...........4@4..........#
##########################


You could see 2 hellwings.

Vanquished Creatures
  A hippogriff (D:7)
  A meliai zombie (D:7)
  Edmund (D:5)
  A water moccasin (D:5)
  Duvessa (D:5)
  2 ice beasts
  A black bear (D:7)
  An ogre (D:6)
  A centaur (D:5)
  A bullfrog (D:7)
  2 wyvern zombies (D:7)
  Dowan (D:5)
  A scorpion (D:5)
  6 killer bees (D:7)
  5 wights (D:6)
  A bullfrog zombie (D:5)
  A crimson imp (D:4)
  2 hounds (D:6)
  2 jellies
  An orc wizard (D:7)
  A bullfrog skeleton (D:7)
  2 orc priests
  A centaur skeleton (D:6)
  An iguana (D:6)
  6 worker ants
  6 adders
  3 shadow imps
  2 adder skeletons
  4 worms
  3 dart slugs
  2 leopard geckos (D:1)
  13 orcs
  A ball python (D:2)
  8 giant cockroaches
  5 goblins
  9 hobgoblins
  10 jackals
  4 kobolds
  3 quokkas
  4 bats
  3 frilled lizards
  A giant cockroach zombie (D:5)
  2 goblin skeletons (D:4)
  A goblin zombie (D:4)
  A hobgoblin zombie (D:4)
  A kobold skeleton (D:4)
  A kobold zombie (D:4)
  2 orc zombies (D:4)
  6 rats
139 creatures vanquished.

Notes
Turn   | Place    | Note
-------+----------+-------------------------------------------
     0 | D:1      | tatocazan the Hill Orc Fighter began the quest for the Orb.
     0 | D:1      | Reached XP level 1. HP: 19/19 MP: 1/1
   150 | D:1      | Reached skill level 3 in Axes
   151 | D:1      | Reached XP level 2. HP: 26/27 MP: 2/2
   650 | D:1      | Reached XP level 3. HP: 33/33 MP: 3/3
  1139 | D:2      | Reached skill level 1 in Dodging
  1419 | D:2      | Found a radiant altar of Vehumet.
  1512 | D:3      | Reached XP level 4. HP: 30/40 MP: 4/4
  1654 | D:3      | Reached skill level 4 in Axes
  2465 | D:3      | Found a shimmering altar of Xom.
  2715 | D:4      | Reached XP level 5. HP: 45/46 MP: 5/5
  2756 | D:4      | Found a glowing golden altar of the Shining One.
  3462 | D:5      | Entered Level 5 of the Dungeon
  3476 | D:5      | Found a shattered altar of Ashenzari.
  3483 | D:5      | Found Liupsurgh's Assorted Antiques.
  3508 | D:5      | Reached skill level 5 in Axes
  3508 | D:5      | Reached XP level 6. HP: 46/53 MP: 6/6
  3839 | D:5      | Noticed Dowan
  3840 | D:5      | Noticed Duvessa
  4026 | D:5      | Noticed a water moccasin
  4042 | D:5      | Killed a water moccasin
  4362 | D:5      | Killed Duvessa
  4362 | D:5      | Reached skill level 5 in Fighting
  4362 | D:5      | Reached skill level 6 in Axes
  4362 | D:5      | Reached XP level 7. HP: 55/61 MP: 7/7
  4374 | D:5      | Killed Dowan
  4491 | D:5      | Reached skill level 5 in Armour
  4737 | D:5      | Noticed Edmund
  4748 | D:5      | Killed Edmund
  4748 | D:5      | Reached skill level 7 in Axes
  4748 | D:5      | Reached skill level 5 in Shields
  4918 | D:6      | Reached XP level 8. HP: 60/69 MP: 8/8
  5167 | D:6      | Found a staircase to the Ecumenical Temple.
  5450 | D:6      | Reached skill level 8 in Axes
  5458 | D:6      | Found Losowuc's Weapon Emporium.
  5731 | D:6      | Found an iron altar of Okawaru.
  5927 | Temple   | Entered the Ecumenical Temple
  6038 | Temple   | Became a worshipper of Nemelex Xobeh the Trickster
  6132 | D:7      | Reached skill level 1 in Invocations
  6234 | D:7      | Noticed a hippogriff
  6249 | D:7      | Killed a hippogriff
  6249 | D:7      | Reached XP level 9. HP: 15/78 MP: 10/10
  6750 | D:7      | Reached skill level 9 in Axes
  6832 | D:7      | Received a gift from Nemelex Xobeh
  7883 | D:7      | Gained mutation: Your flesh is heat resistant. (rF+)
                  | [potion of mutation]
  7883 | D:7      | Gained mutation: You passively map a small area around you.
                  | [potion of mutation]
  7883 | D:7      | Gained mutation: You are partially covered in slimy green
                  | scales. (AC +2) [potion of mutation]
  7909 | D:7      | HP: 2/78 [wolf spider zombie (3)]
  8482 | D:7      | Noticed a hellwing
  8543 | D:7      | Noticed a hellwing
  8582 | D:6      | HP: 3/78 [hellwing (1)]
  8583 | D:6      | HP: 1/78 [hellwing (2)]
  8586 | D:6      | Slain by a hellwing

Levels and vault maps discovered:
D:1:      dpeg_arrival_oval, layout_loops_ring, st_stairs_3
D:2:      layout_loops_ring, nicolae_overflow_hidden_temple
D:3:      layout_loops_corners, lemuel_round_altar
D:4:      layout_basic, nicolae_tso_besieged_by_evil, first_ration
D:5:      layout_loops_cross, cheibrodos_ashenzari_chains, serial_shops, shop,
          uniq_edmund, uniq_duvessa
D:6:      layout_loops_ring, minmay_temple_entry_statues, serial_shops, shop,
          okawaru_trees_1
D:7:      cheibrodos_grave_circle, layout_gridville
Temple:   hc_temple_tempest_star

Skill      XL: |  1  2  3  4  5  6  7  8  9 |
---------------+----------------------------+-----
Axes           | 3 4 5 6 7 8 9 |  9.6
Fighting       | 4 5 6 |  6.9
Dodging        | 1 2 3 |  3.8
Armour         | 4 5 6 |  6.4
Shields        | 4 5 6 |  6.2
Invocations    | 2 4 |  4.5

Action                   |  1- 3 |  4- 6 |  7- 9 || total
-------------------------+-------+-------+-------++-------
Melee: War axe           |   135 |   170 |   178 ||   483
       Hand axe          |       |       |   145 ||   145
Throw: Boomerang         |       |     3 |       ||     3
Evoke: Wand              |       |       |     1 ||     1
  Use: Scroll            |     1 |     1 |     4 ||     6
       Potion            |       |     3 |     7 ||    10
 Stab: Invisible         |       |       |     5 ||     5
  Eat: Chunk             |     2 |     9 |     7 ||    18
       Ration            |       |       |     2 ||     2
Armor: Scale mail        |    62 |    42 |       ||   104
       Plate armour      |       |    36 |   272 ||   308
Dodge: Dodged            |    56 |    36 |   104 ||   196
Block: Kite shield       |    58 |    90 |   228 ||   376

Table legend:
 A = Non-vault XP
 B = Vault XP
 C = Vault XP percentage of total XP
 D = Non-vault monster count
 E = Vault monster count
 F = Vault count percentage of total count
                 A         B        C        D         E       F
            +---------+---------+-------+---------+---------+-------
      Total |    2770 |     883 |  24.2 |     120 |      19 |  13.7
            +---------+---------+-------+---------+---------+-------
        D:1 |      36 |       4 |  10.0 |      19 |       2 |   9.5
        D:2 |      36 |       0 |   0.0 |      20 |       0 |   0.0
        D:3 |      61 |       0 |   0.0 |      15 |       0 |   0.0
        D:4 |      77 |      54 |  41.2 |      10 |       9 |  47.4
        D:5 |     517 |     378 |  42.2 |      15 |       3 |  16.7
        D:6 |     798 |       0 |   0.0 |      19 |       0 |   0.0
        D:7 |    1245 |     447 |  26.4 |      22 |       5 |  18.5
            +---------+---------+-------+---------+---------+-------
